 Dungeon Crawl Stone Soup version 0.14.2 (webtiles) character file.

4346 Grimoiregrey the Basher (level 10, -8/86 HPs)
             Began as a Minotaur Fighter on Jan 20, 2018.
             Was a Believer of Okawaru.
             Killed by divine providence
             ... invoked by an orc priest
              (12 damage)
             ... on Level 9 of the Dungeon.
             The game lasted 01:16:13 (8722 turns).

Grimoiregrey the Basher (Minotaur Fighter)          Turns: 8722, Time: 01:16:13

HP  -8/86        AC 15     Str 24      XL: 10   Next:  4%
MP   4/4         EV  5     Int  5      God: Okawaru [**....]
Gold 319         SH 19     Dex 12      Spells:  0 memorised,  9 levels left

rFire  . . .     SeeInvis .     B - +0 mace
rCold  . . .     Clarity  +     k - +0 plate armour
rNeg   . . .     Conserve .     c - -1 shield
rPois  +         rCorr    .     (helmet restricted)
rElec  .         rRot     .     (no cloak)
SustAb . .       Spirit   .     n - +0 pair of gloves
rMut   .         Warding  .     (no boots)
Saprov . . .     Stasis   .     b - amulet of clarity
MR     .....                    e - ring of poison resistance
                                m - +2 ring of strength

@: not resistant to hostile enchantments, extremely unstealthy
A: retaliatory headbutt, horns 2
a: Heroism, Renounce Religion


You were on level 9 of the Dungeon.
You worshipped Okawaru.
Okawaru was pleased with you.
You were not hungry.

You visited 2 branches of the dungeon, and saw 10 of its levels.

You collected 319 gold pieces.

Inventory:

Hand weapons
 a - a +4,-3 flail
 r - a +0,+0 dagger of draining
 y - a +1,-2 flail of protection
 B - a +0,+0 mace (weapon)
Armour
 c - a -1 shield (worn)
 k - a +0 plate armour (worn)
 n - a +0 pair of gloves (worn)
 u - a +0 plate armour
Magical devices
 g - a wand of disintegration (9)
 w - a wand of lightning (7)
 x - a wand of hasting (0)
Comestibles
 d - 2 bread rations
 o - a choko
Scrolls
 i - a scroll of enchant weapon II {unknown}
 j - 2 scrolls of amnesia
 t - a scroll of teleportation
 z - 2 scrolls of immolation
 C - a scroll of remove curse
 H - 6 scrolls of identify
Jewellery
 b - an amulet of clarity (around neck)
 e - a ring of poison resistance (right hand)
 l - an uncursed amulet of the gourmand
 m - a +2 ring of strength (left hand)
 E - an uncursed ring of protection from fire
Potions
 f - 2 potions of flight {unknown}
 h - 3 potions of restore abilities
 p - a potion of curing
 q - a potion of invisibility {unknown}
 v - a potion of degeneration {unknown}
 D - a potion of heal wounds {unknown}
 G - 3 potions of porridge
 I - a potion of poison {unknown}


   Skills:
 * Level 7.2 Fighting
 + Level 13.1 Maces & Flails
 * Level 9.6 Armour
 - Level 0.2 Dodging
 - Level 3.9 Shields


You had 9 spell levels left.
You didn't know any spells.

Dungeon Overview and Level Annotations

Branches:
Dungeon (9/15)             Temple (1/1) D:7
    Orc: D:9-12        Lair: D:8-11

Altars:
Ashenzari
Cheibriados
Dithmenos
Elyvilon
Fedhas
Makhleb
Nemelex Xobeh
Okawaru
Sif Muna
Trog
Vehumet
Xom
Yredelemnul
Zin
The Shining One


Innate Abilities, Weirdness & Mutations

You reflexively headbutt those who attack you in melee.
You have a pair of horns on your head.


Message History

You block the wolf's attack.
You hit the wolf.
You kill the wolf!
Okawaru accepts your kill.
You see here a wolf corpse.
An orc priest comes into view. It is wielding a mace.
The orc priest shouts!
The orc priest invokes the aid of Beogh against you.
Something smites you!
* * * LOW HITPOINT WARNING * * *
An orc priest and a skeleton come into view.
The orc priest glows brightly for a moment.
An orc warrior comes into view. It is wielding a runed scimitar.
The orc priest becomes somewhat translucent.
The orc priest mumbles some strange prayers to Beogh against you.
Something smites you!
* * * LOW HITPOINT WARNING * * *
The orc priest calls down the wrath of Beogh upon you.
Something smites you!
You die...

#....z..# #.....o.#
#.......# #...o...# #
#.......# .#
###########.......#####.#
........................#
#...<.....).............#
#...............@.......#
###......###.....)..$...#
#....###P.............#
##..##P.##.......%....#
#### ♣ #.............#
###############


You could see 2 orc priests and an elf skeleton.

Vanquished Creatures
  The ghost of theanonym the Cleaver, an experienced MiBe of Trog (D:7)
  Grum (D:9)
  2 wolves (D:9)
  Edmund (D:4)
  2 orc warriors (D:8)
  A black bear (D:7)
  2 ice beasts
  3 centaurs
  A phantom (D:8)
  4 ogres
  5 giant frogs
  2 scorpions
  2 giant frog zombies
  A goliath beetle (D:7)
  6 crimson imps
  3 hounds
  4 orc priests
  4 jellies
  6 orc wizards
  2 iguanas (D:8)
  8 worker ants
  A mummy (D:8)
  8 adders
  4 gnolls (D:7)
  A worm zombie (D:7)
  A shadow imp (D:7)
  4 worms
  2 adder skeletons
  A giant eyeball (D:6)
  4 giant geckos
  2 oozes
  21 orcs
  3 ball pythons
  A bat zombie (D:6)
  2 giant cockroaches
  16 hobgoblins
  7 kobolds
  5 quokkas
  10 bats
  5 giant newts
  12 goblins
  A goblin zombie (D:5)
  9 jackals
  A kobold skeleton (D:7)
  An orc skeleton (D:8)
  9 rats
  A rat skeleton (D:8)
  3 toadstools (D:1)
196 creatures vanquished.

Vanquished Creatures (others)
  A toadstool (D:1)
1 creature vanquished.

Grand Total: 197 creatures vanquished

Notes
Turn   | Place    | Note
--------------------------------------------------------------
     0 | D:1      | Grimoiregrey, the Minotaur Fighter, began the quest for the Orb.
     0 | D:1      | Reached XP level 1. HP: 19/19 MP: 1/1
   161 | D:1      | Reached XP level 2. HP: 13/27 MP: 1/1
   941 | D:2      | Reached XP level 3. HP: 24/33 MP: 2/2
   955 | D:2      | Reached skill level 4 in Maces & Flails
  1264 | D:2      | Reached XP level 4. HP: 38/40 MP: 2/2
  1918 | D:3      | Reached skill level 5 in Maces & Flails
  2538 | D:4      | Reached skill level 6 in Maces & Flails
  2538 | D:4      | Reached XP level 5. HP: 32/46 MP: 2/2
  2601 | D:5      | Entered Level 5 of the Dungeon
  2772 | D:4      | Noticed an ogre
  2788 | D:4      | Killed an ogre
  2788 | D:4      | Reached skill level 7 in Maces & Flails
  2788 | D:4      | Reached XP level 6. HP: 10/52 MP: 3/3
  2917 | D:4      | Noticed Edmund
  2943 | D:4      | Killed Edmund
  2943 | D:4      | Reached skill level 8 in Maces & Flails
  3483 | D:4      | Reached skill level 9 in Maces & Flails
  3483 | D:4      | Reached XP level 7. HP: 41/58 MP: 3/3
  3597 | D:5      | Noticed a centaur
  3608 | D:5      | Killed a centaur
  3911 | D:5      | Reached skill level 10 in Maces & Flails
  4535 | D:6      | Found a basalt altar of Yredelemnul.
  4543 | D:6      | Found a bloodstained altar of Trog.
  4824 | D:7      | Noticed theanonym's ghost (experienced MiBe)
  4906 | D:6      | Reached skill level 11 in Maces & Flails
  4906 | D:6      | Reached XP level 8. HP: 55/66 MP: 3/3
  5212 | D:6      | Paralysed by a giant eyeball for 3 turns
  5357 | D:7      | Found a staircase to the Ecumenical Temple.
  5404 | Temple   | Entered the Ecumenical Temple
  5515 | Temple   | Became a worshipper of Warmaster Okawaru
  5876 | D:7      | Reached skill level 5 in Armour
  6181 | D:7      | Killed theanonym's ghost
  6181 | D:7      | Reached skill level 5 in Fighting
  6181 | D:7      | Reached skill level 12 in Maces & Flails
  6181 | D:7      | Reached XP level 9. HP: 18/74 MP: 4/4
  6719 | D:7      | Found a radiant altar of Vehumet.
  6730 | D:7      | Acquired Okawaru's first power
  8287 | D:9      | Reached skill level 13 in Maces & Flails
  8673 | D:9      | Noticed Grum
  8696 | D:9      | Killed Grum
  8696 | D:9      | Reached XP level 10. HP: 20/86 MP: 4/4
  8721 | D:9      | HP: 4/86 [orc priest/divine providence (11)]
  8722 | D:9      | Killed from afar by an orc priest

Action                   |  1- 3 |  4- 6 |  7- 9 | 10-12 || total
-------------------------+-------+-------+-------+-------++-------
Melee: Flail             |   101 |   147 |   391 |       ||   639
       Mace              |       |       |    73 |     8 ||    81
Invok: Heroism           |       |       |     1 |       ||     1
  Use: Scroll            |     3 |    10 |     8 |       ||    21
       Potion            |       |     3 |     2 |     1 ||     6
